 Dungeon Crawl Stone Soup version 0.22-a0-3-g4fa69d9 (console) character file.

217 removed the Sneak (level 6, -3/32 HPs)
             Began as a Kobold Enchanter on Jan 1, 2018.
             Slain by an orc
             ... wielding a cursed +0 flail
              (5 damage)
             ... on level 3 of the Dungeon.
             The game lasted 00:07:47 (3467 turns).

removed the Sneak (Kobold Enchanter)                Turns: 3467, Time: 00:07:49

Health: -3/32      AC:  2    Str:  6    XL:     6   Next: 16%
Magic:  9/9        EV: 15    Int: 18    God:
Gold:   147        SH:  0    Dex: 15    Spells: 3/9 levels left

rFire    . . .     SeeInvis .   a - +1 dagger
rCold    . . .     Gourm    .   (shield restricted)
rNeg     . . .     Faith    .   b - +0 robe
rPois    .         Spirit   .   (no helmet)
rElec    .         Reflect  .   (no cloak)
rCorr    .         Harm     .   (no gloves)
MR       .....                  (no boots)
Stlth    +++.......             (no amulet)
HPRegen  0.10/turn              (no ring)
MPRegen  0.11/turn              (no ring)

@: no status effects
A: small, carnivore
a: no special abilities


You were on level 3 of the Dungeon.
You were very full.

You visited 1 branch of the dungeon, and saw 3 of its levels.

You collected 147 gold pieces.

Inventory:

Hand Weapons
 a - a +1 dagger (weapon)
Missiles
 m - 22 poisoned needles
Armour
 b - a +0 robe (worn)
Wands
 u - a wand of iceblast (10)
 y - a wand of digging (11)
Scrolls
 e - 2 scrolls of remove curse {unknown}
 h - 2 scrolls of fear {unknown}
 j - 2 scrolls of identify {unknown}
 k - 5 scrolls of enchant armour {unknown}
 q - a scroll of immolation {unknown}
 t - a scroll of amnesia {unknown}
 v - a scroll of enchant weapon {unknown}
 w - a scroll of teleportation {unknown}
 x - a scroll of fog {unknown}
Potions
 g - 2 potions of magic {unknown}
 i - a potion of curing {unknown}
 n - 7 potions of flight {unknown}
 o - 2 potions of cancellation {unknown}
 r - 2 potions of might {unknown}
Books
 c - a book of Maledictions

   Spells                             Type                      Level
   a - Corona                         Hexes                        1
   b - Ensorcelled Hibernation        Hexes/Ice                    2
   c - Confuse                        Hexes                        3
   d - Tukima's Dance                 Hexes                        3
   e - Dazzling Spray                 Conjuration/Hexes            3
 s - a book of Changes

   Spells                             Type                      Level
   a - Beastly Appendage              Transmutation                1
   b - Sticks to Snakes               Transmutation                2
   c - Spider Form                    Transmutation/Poison         3
   d - Ice Form                       Ice/Transmutation            4
   e - Blade Hands                    Transmutation                5
Comestibles
 d - 6 rations


   Skills:
 - Level 5.0 Short Blades
 - Level 2.4 Dodging
 - Level 5.7 Stealth
 + Level 2.3 Spellcasting
 - Level 4.0 Hexes
 - Level 1.0 Ice Magic


You had 3 spell levels left.
You knew the following spells:

 Your Spells              Type           Power        Failure   Level  Hunger
a - Corona                Hex            ###....      3%          1    #......
b - Ensorcelled Hibernat  Hex/Ice        ##....       10%         2    ##.....
c - Confuse               Hex            ###.....     10%         3    ###....


Dungeon Overview and Level Annotations

Branches:
Dungeon (3/15)

Altars:
Hepliaklqana
Vehumet
Yredelemnul


Innate Abilities, Weirdness & Mutations

You are small and have problems with some larger weapons.
You are carnivorous and can eat meat at any time.


Message History

The orc priest calls down the wrath of Beogh upon you.
Beogh smites you!
The orc priest looks encouraged for a moment.
The orc priest calls down the wrath of Beogh upon you.
Beogh smites you!
* * * LOW HITPOINT WARNING * * *
There is a stone staircase leading up here.
You climb upwards.
There is a stone staircase leading down here.
You start resting.
All of the chunks of flesh in your inventory have rotted away.
HP restored.
You climb downwards.
The orc hits you.
The orc priest mumbles some strange prayers to Beogh against you.
Beogh smites you!
The orc priest calls down the wrath of Beogh upon you.
Beogh smites you!
* * * LOW HITPOINT WARNING * * *
The orc hits you with a flail.
You die...

..##.############# # #.##)#
############ ##.##>#
###........... #####...#.###
#.....#.#####.
#...........###.###.........
#.###...........# #....####.
##.###o......###.###.#..# #.
#.o.....o...o###.....#..####.
#..###o.....@...>........)...
#..# ###.#..o##......#.###.#.
#.o# #.........##.###.# #.#.
#o.# #..#.........# #.# #.#.
#.o# ##.#.#.#####.###†###...
#.o# #.#.#.# #...........#.
#............#.#.#
#...>.........
..##.#...........#
#...##...##### #.#######.#
##.####### #


You could see 2 orc priests and 3 orcs.

Vanquished Creatures
  A crimson imp (D:3)
  Natasha (thrice) (D:3)
  3 adders
  An ooze (D:3)
  2 worms
  A dart slug (D:2)
  2 leopard geckos
  An orc (D:3)
  3 giant cockroaches
  2 gnoll zombies (D:2)
  7 goblins
  5 hobgoblins
  12 jackals
  4 kobolds
  A quokka (D:2)
  A ball python (D:2)
  8 bats
  4 frilled lizards
61 creatures vanquished.

Notes
Turn   | Place    | Note
-------+----------+-------------------------------------------
     0 | D:1      | removed the Kobold Enchanter began the quest for the Orb.
     0 | D:1      | Reached XP level 1. HP: 10/10 MP: 3/3
   157 | D:1      | Reached XP level 2. HP: 12/15 MP: 5/5
   365 | D:1      | Learned a level 2 spell: Ensorcelled Hibernation
   833 | D:1      | Reached skill level 1 in Ice Magic
   948 | D:1      | Reached XP level 3. HP: 19/19 MP: 6/6
  1475 | D:2      | Found a radiant altar of Vehumet.
  1503 | D:2      | Found a hazy altar of Hepliaklqana.
  1695 | D:2      | Learned a level 3 spell: Confuse
  1937 | D:2      | Reached XP level 4. HP: 24/24 MP: 7/7
  2049 | D:2      | Found a basalt altar of Yredelemnul.
  2667 | D:3      | Noticed Natasha
  2751 | D:3      | Reached skill level 5 in Stealth
  2751 | D:3      | Reached XP level 5. HP: 28/28 MP: 1/8
  2869 | D:3      | Killed Natasha
  2926 | D:3      | Noticed Natasha
  2964 | D:3      | Killed Natasha
  2977 | D:3      | Noticed Natasha
  2985 | D:3      | Killed Natasha
  2985 | D:3      | Reached skill level 5 in Short Blades
  2985 | D:3      | Reached XP level 6. HP: 24/32 MP: 2/9
  3467 | D:3      | Slain by an orc

Vault maps used:
D:1:      wheals_arrival_shading
D:2:      lemuel_zombie_altar_yredelemnul, lemuel_doored_altar,
          lemuel_round_altar, first_ration, nrook_mini_backslash
D:3:      grunt_temple_overflow_order_and_chaos_2, minmay_door_square,
          kennysheep_generic_room_9, uniq_natasha

Skill      XL: |  1  2  3  4  5 |
---------------+----------------+-----
Short Blades   | 2 3 5 |  5.0
Ice Magic      | 1 |  1.0
Hexes          | 4 |  4.0
Stealth        | 5 |  5.7
Dodging        | |  2.4
Spellcasting   | |  2.3

Action                   |  1- 3 |  4- 6 || total
-------------------------+-------+-------++-------
Melee: Dagger            |   105 |   120 ||   225
 Cast: Ensorcelled Hiber |     8 |    14 ||    22
       Confuse           |       |     4 ||     4
 Stab: Sleeping          |    18 |    14 ||    32
       Confused          |       |     3 ||     3
  Eat: Chunk             |    12 |     6 ||    18
Armor: Robe              |    23 |     7 ||    30
Dodge: Dodged            |    79 |    90 ||   169

Table legend:
 A = Spawn XP
 B = Non-spawn XP
 C = Spawn XP percentage of total XP
 D = Spawn monster count
 E = Non-spawn monster count
 F = Spawn count percentage of total count
 G = Total turns spent on level
                    A         B        C        D         E        F      G
               +---------+---------+-------+---------+---------+-------+---------
         Total |       0 |     310 |   0.0 |       0 |      61 |   0.0 |  3467
               +---------+---------+-------+---------+---------+-------+---------
           D:1 |       0 |      33 |   0.0 |       0 |      18 |   0.0 |  1453
           D:2 |       0 |      41 |   0.0 |       0 |      15 |   0.0 |  1066
           D:3 |       0 |     236 |   0.0 |       0 |      28 |   0.0 |   948
               +---------+---------+-------+---------+---------+-------+---------
